PUBAA
STITTSVILLE LIGHTNING @ LLOYDMINSTER LINERS
08/31/1972
 
TOP OF THE 1ST
Lakeland Rustlers batting - Pitching for Buffalo Jump : RHP Aubrey Reilly
Pitching: RHP Aubrey Reilly
Batting: LHB Jon Wood 0-0: Ball
1-0: DOUBLE (Line Drive, 78D, EV 110.0 MPH)
Batting: RHB Millard Mullins 0-0: Called Strike
0-1: Ball
1-1: Ball
2-1: Called Strike
2-2: Ball
3-2: Foul Ball, location: 2F
3-2: Fly out, F8 (Line Drive, 8RD, EV 95.0 MPH)
Batting: RHB Mal French 0-0: Foul Ball, location: 2F
0-1: Ground out 4-3 (Groundball, 4, EV 81.2 MPH)
Jon Wood to third
Batting: RHB Marcos Martínez 0-0: Called Strike
0-1: Ball
1-1: Ball
2-1: Swinging Strike
2-2: Foul Ball, location: 2F
2-2: Foul Ball, location: 2F
2-2: Hit by Pitch
Batting: RHB John O'Neil 0-0: Called Strike
0-1: Ball
1-1: Ball
2-1: Ball
3-1: Base on Balls
Marcos Martínez to second
Batting: RHB Bob Watson 0-0: Called Strike
0-1: Foul Ball, location: 2F
0-2: SINGLE (Flyball, 8RS, EV 93.1 MPH)
Jon Wood scores
Marcos Martínez to third
John O'Neil to second
Runner from 3rd tries for Home, SAFE, throw by CF to home
Batting: RHB Steve Givens 0-0: Called Strike
0-1: Ball
1-1: Ball
2-1: Swinging Strike
2-2: Foul Ball, location: 2F
2-2: Fielders Choice at 2nd, 6-4 (Groundball, 6, EV 89.4 MPH)
Top of the 1st over - 2 runs, 2 hits, 0 errors, 2 left on base; Lakeland 2 - Buffalo 0
BOTTOM OF THE 1ST
Buffalo Jump batting - Pitching for Lakeland Rustlers : RHP Lawrence Owens
Pitching: RHP Lawrence Owens
Batting: RHB Mark Belanger 0-0: Called Strike
0-1: Ball
1-1: Foul Ball, location: 2F
1-2: Ball
2-2: Ball
3-2: Base on Balls
Batting: LHB Willie Crawford 0-0: Foul Ball, location: 2F
0-1: Called Strike
0-2: Ball
1-2: Ball
2-2: Strikes out swinging
Batting: SHB Arturo Vázquez 0-0: Foul Ball, location: 2F
0-1: 2-RUN HOME RUN (Flyball, 9D, EV 96.9 MPH), Distance : 381 ft
Batting: LHB Bo Meza 0-0: Ball
1-0: Ball
2-0: Ball
3-0: Base on Balls
Batting: LHB Edgar Ledesma 0-0: Ball
1-0: Ball
2-0: Called Strike
2-1: Ball
3-1: Called Strike
3-2: Foul Ball, location: 2F
3-2: Foul Ball, location: 2F
3-2: SINGLE (Groundball, 56D, EV 104.4 MPH)
Bo Meza to second
Batting: LHB Roberto Márquez 0-0: Called Strike
0-1: Ball
1-1: Ball
2-1: Ball
3-1: 3-RUN HOME RUN (Flyball, 9D, EV 98.8 MPH), Distance : 375 ft
Batting: RHB Syd O'Brien 0-0: SINGLE (Groundball, 4MD, EV 105.0 MPH)
Batting: RHB Jeff Reed 0-0: Ball
1-0: Swinging Strike
1-1: Ball
2-1: Foul Ball, location: 2F
2-2: Foul Ball, location: 2F
2-2: Grounds into double play, 6-4-3 (Groundball, 6, EV 78.8 MPH)
Bottom of the 1st over - 5 runs, 4 hits, 0 errors, 0 left on base; Lakeland 2 - Buffalo 5
TOP OF THE 2ND
Lakeland Rustlers batting - Pitching for Buffalo Jump : RHP Aubrey Reilly
Batting: RHB John Bailey 0-0: Foul Ball, location: 2F
0-1: Fly out, F9 (Flyball, 9S, EV 93.1 MPH)
Batting: RHB Hal Lanier 0-0: Ground out 6-3 (Groundball, 6, EV 86.2 MPH)
Batting: LHB Jon Wood 0-0: Swinging Strike
0-1: Called Strike
0-2: Fly out, F7 (Line Drive, 7D, EV 95.0 MPH)
Top of the 2nd over - 0 runs, 0 hits, 0 errors, 0 left on base; Lakeland 2 - Buffalo 5
BOTTOM OF THE 2ND
Buffalo Jump batting - Pitching for Lakeland Rustlers : RHP Lawrence Owens
Batting: LHB Ed Herrmann 0-0: Called Strike
0-1: Ball
1-1: Ball
2-1: Ball
3-1: Foul Ball, location: 2F
3-2: Base on Balls
Batting: RHB Mark Belanger 0-0: Ball
1-0: Called Strike
1-1: Swinging Strike
1-2: Ball
Wild Pitch!
Ed Herrmann to second
2-2: Ball
3-2: Base on Balls
Batting: LHB Willie Crawford 0-0: Ball
1-0: Ball
2-0: Foul Ball, location: 2F
2-1: Ball
3-1: Base on Balls
Ed Herrmann to third
Mark Belanger to second
Batting: SHB Arturo Vázquez 0-0: SINGLE (Groundball, 4D, EV 103.8 MPH)
Ed Herrmann scores
Mark Belanger to third
Willie Crawford to second
Runner from 3rd tries for Home, throw by CF and OUT! 8-2
Willie Crawford to third
Arturo Vázquez to second
Pitching: RHP Donald Hanson
Batting: LHB Bo Meza 0-0: DOUBLE (Groundball, 5L, EV 102.5 MPH)
Willie Crawford scores
Arturo Vázquez scores
Batting: LHB Edgar Ledesma 0-0: Called Strike
0-1: Swinging Strike
0-2: Ball
1-2: Foul Ball, location: 2F
1-2: Strikes out swinging
Batting: LHB Roberto Márquez 0-0: Foul Ball, location: 2F
0-1: Ball
1-1: Swinging Strike
1-2: Foul Ball, location: 2F
1-2: Ball
2-2: Foul Ball, location: 2F
2-2: Ball
3-2: Strikes out swinging
Bottom of the 2nd over - 3 runs, 2 hits, 0 errors, 1 left on base; Lakeland 2 - Buffalo 8
TOP OF THE 3RD
Lakeland Rustlers batting - Pitching for Buffalo Jump : RHP Aubrey Reilly
Batting: RHB Millard Mullins 0-0: Called Strike
0-1: SINGLE (Line Drive, 56, EV 98.1 MPH)
Batting: RHB Mal French 0-0: Called Strike
0-1: Called Strike
0-2: Ball
1-2: Foul Ball, location: 2F
1-2: Strikes out swinging
Batting: RHB Marcos Martínez 0-0: Swinging Strike
0-1: Ball
1-1: Foul Ball, location: 2F
1-2: Ball
2-2: Foul Ball, location: 2F
2-2: Foul Ball, location: 2F
2-2: Ball
3-2: Base on Balls
Millard Mullins to second
Batting: RHB John O'Neil 0-0: Ball
1-0: SINGLE (Groundball, 56D, EV 101.9 MPH)
Millard Mullins to third
Marcos Martínez to second
Runner from 3rd tries for Home, SAFE, throw by LF to home
Batting: RHB Bob Watson 0-0: Called Strike
0-1: SINGLE (Line Drive, 6MD, EV 94.4 MPH)
Marcos Martínez to third
John O'Neil to second
Runner from 3rd tries for Home, throw by CF and OUT! 8-2
Batting: RHB Steve Givens 0-0: Ball
1-0: Called Strike
1-1: Called Strike
1-2: Fly out, F8 (Flyball, 8LXD, EV 91.2 MPH)
Top of the 3rd over - 1 run, 3 hits, 0 errors, 2 left on base; Lakeland 3 - Buffalo 8
BOTTOM OF THE 3RD
Buffalo Jump batting - Pitching for Lakeland Rustlers : RHP Donald Hanson
Batting: RHB Syd O'Brien 0-0: TRIPLE (Flyball, 89XD, EV 104.4 MPH)
Batting: RHB Jeff Reed 0-0: Called Strike
0-1: Fly out, F8 (Flyball, 8RM, EV 76.2 MPH)
Runner from 3rd tags up, SCORES, throw by CF
Batting: LHB Ed Herrmann 0-0: Ball
1-0: Ball
2-0: Fly out, F9 (Flyball, 9LM, EV 100.6 MPH)
Batting: RHB Mark Belanger 0-0: Called Strike
0-1: Ball
1-1: SINGLE (Groundball, 5S, EV 70.6 MPH) (infield hit)
Batting: LHB Willie Crawford 0-0: Called Strike
Mark Belanger steals 2nd base
0-1: Swinging Strike
0-2: Hit by Pitch
Batting: SHB Arturo Vázquez 0-0: Swinging Strike
0-1: Ball
1-1: Ball
Wild Pitch!
Mark Belanger to third
Willie Crawford to second
2-1: Swinging Strike
2-2: Ball
3-2: Foul Ball, location: 2F
3-2: Strikes out swinging
Bottom of the 3rd over - 1 run, 2 hits, 0 errors, 2 left on base; Lakeland 3 - Buffalo 9
TOP OF THE 4TH
Lakeland Rustlers batting - Pitching for Buffalo Jump : RHP Aubrey Reilly
Batting: RHB John Bailey 0-0: Ball
1-0: Ball
2-0: Called Strike
2-1: Ball
3-1: Base on Balls
Batting: RHB Hal Lanier 0-0: Ground out 6-3 (Groundball, 6, EV 106.9 MPH)
John Bailey to second
Batting: LHB Jon Wood 0-0: Ball
1-0: Ball
2-0: Ball
3-0: Base on Balls
Batting: RHB Millard Mullins 0-0: Fly out, F7 (Flyball, 78D, EV 107.5 MPH)
Batting: RHB Mal French 0-0: Ball
1-0: Fly out, F7 (Line Drive, 7, EV 93.1 MPH)
Top of the 4th over - 0 runs, 0 hits, 0 errors, 2 left on base; Lakeland 3 - Buffalo 9
BOTTOM OF THE 4TH
Buffalo Jump batting - Pitching for Lakeland Rustlers : RHP Donald Hanson
Batting: LHB Bo Meza 0-0: Ball
1-0: Called Strike
1-1: SINGLE (Groundball, 4MD, EV 110.6 MPH)
Batting: LHB Edgar Ledesma 0-0: Called Strike
0-1: Foul Ball, location: 2F
0-2: SINGLE (Line Drive, 56, EV 105.0 MPH)
Bo Meza to second
Batting: LHB Roberto Márquez 0-0: Ball
1-0: Ground out U3 (Groundball, 34S, EV 69.4 MPH)
Bo Meza to third
Edgar Ledesma to second
Batting: RHB Syd O'Brien 0-0: Called Strike
0-1: Ball
1-1: Ground out 5-3 (Groundball, 56S, EV 86.9 MPH)
Bo Meza scores
Batting: RHB Jeff Reed 0-0: Foul Ball, location: 2F
0-1: Foul Ball, location: 2F
0-2: Foul Ball, location: 2F
0-2: Fly out, F9 (Line Drive, 9D, EV 95.6 MPH)
Bottom of the 4th over - 1 run, 2 hits, 0 errors, 1 left on base; Lakeland 3 - Buffalo 10
TOP OF THE 5TH
Lakeland Rustlers batting - Pitching for Buffalo Jump : RHP Aubrey Reilly
Batting: RHB Marcos Martínez 0-0: Swinging Strike
0-1: Swinging Strike
0-2: Fly out, F9 (Flyball, 9LS, EV 93.1 MPH)
Batting: RHB John O'Neil 0-0: Ball
1-0: Ball
2-0: Called Strike
2-1: Foul Ball, location: 2F
2-2: Ground out 5-3 (Groundball, 5L, EV 89.4 MPH)
Batting: RHB Bob Watson 0-0: SINGLE (Popup, 5D, EV 48.8 MPH)
Batting: RHB Steve Givens 0-0: Ball
1-0: Ball
2-0: Ball
3-0: Called Strike
3-1: Called Strike
3-2: Base on Balls
Bob Watson to second
Pitching: RHP Martín Basán
Batting: RHB John Bailey 0-0: Called Strike
0-1: Fly out, F8 (Flyball, 8LD, EV 77.5 MPH)
Top of the 5th over - 0 runs, 1 hit, 0 errors, 2 left on base; Lakeland 3 - Buffalo 10
BOTTOM OF THE 5TH
Buffalo Jump batting - Pitching for Lakeland Rustlers : RHP Donald Hanson
Batting: LHB Ed Herrmann 0-0: Called Strike
0-1: Ball
1-1: Swinging Strike
1-2: Strikes out swinging
Batting: RHB Mark Belanger 0-0: Ball
1-0: Foul Ball, location: 2F
1-1: Ball
2-1: Foul Ball, location: 2F
2-2: Ball
3-2: Base on Balls
Batting: LHB Willie Crawford 0-0: Called Strike
0-1: DOUBLE (Flyball, 78D, EV 90.0 MPH)
Mark Belanger to third
Runner from 3rd tries for Home, SAFE, throw by LF to home
Batting: SHB Arturo Vázquez 0-0: Called Strike
0-1: Ball
1-1: Ball
2-1: Foul Ball, location: 2F
2-2: SINGLE (Line Drive, 6MD, EV 100.6 MPH)
Willie Crawford to third
Batting: LHB Bo Meza 0-0: Called Strike
0-1: Ball
1-1: Ball
2-1: Ball
3-1: SINGLE (Line Drive, 4D, EV 98.8 MPH)
Willie Crawford scores
Arturo Vázquez to second
Batting: LHB Edgar Ledesma 0-0: Swinging Strike
0-1: Swinging Strike
0-2: Ball
1-2: Ball
2-2: Foul Ball, location: 2F
2-2: Ball
3-2: Foul Ball, location: 2F
3-2: Foul Ball, location: 2F
3-2: DOUBLE (Groundball, 5L, EV 103.1 MPH)
Arturo Vázquez scores
Bo Meza to third
Pitching: LHP John Hubert
Batting: LHB Roberto Márquez 0-0: Hit by Pitch
Batting: RHB Syd O'Brien 0-0: Ball
1-0: Ball
2-0: Foul Ball, location: 2F
2-1: Foul Ball, location: 2F
2-2: GRAND SLAM HOME RUN (Line Drive, 7LD, EV 96.9 MPH), Distance : 345 ft
Batting: RHB Jeff Reed 0-0: Ball
1-0: Ball
2-0: Called Strike
2-1: Ball
3-1: Foul Ball, location: 2F
3-2: Foul Ball, location: 2F
3-2: Strikes out swinging
Batting: LHB Ed Herrmann 0-0: Fly out, F4 (Line Drive, 4, EV 68.8 MPH)
Bottom of the 5th over - 7 runs, 5 hits, 0 errors, 0 left on base; Lakeland 3 - Buffalo 17
TOP OF THE 6TH
Lakeland Rustlers batting - Pitching for Buffalo Jump : RHP Martín Basán
Batting: RHB Hal Lanier 0-0: Called Strike
0-1: Ball
1-1: Foul Ball, location: 2F
1-2: Ground out 1-3 (Groundball, 13S, EV 66.9 MPH)
Batting: LHB Jon Wood 0-0: Ball
1-0: Ball
2-0: Fly out, F8 (Flyball, 8RD, EV 97.5 MPH)
Batting: RHB Millard Mullins 0-0: Ball
1-0: Called Strike
1-1: Ball
2-1: Swinging Strike
2-2: Ball
3-2: Base on Balls
Batting: RHB Mal French 0-0: Called Strike
0-1: Foul Ball, location: 2F
0-2: 2-RUN HOME RUN (Flyball, 7LD, EV 92.5 MPH), Distance : 338 ft
Batting: RHB Marcos Martínez 0-0: Ball
1-0: Called Strike
1-1: Ball
2-1: Fly out, F4 (Popup, 4D, EV 63.8 MPH)
Top of the 6th over - 2 runs, 1 hit, 0 errors, 0 left on base; Lakeland 5 - Buffalo 17
BOTTOM OF THE 6TH
Buffalo Jump batting - Pitching for Lakeland Rustlers : LHP John Hubert
Batting: RHB Mark Belanger 0-0: Ball
1-0: Called Strike
1-1: Fly out, F8 (Line Drive, 8LM, EV 95.0 MPH)
Batting: LHB Willie Crawford 0-0: Called Strike
0-1: Ball
1-1: Foul Ball, location: 2F
1-2: Foul Ball, location: 2F
1-2: Strikes out swinging
Batting: SHB Arturo Vázquez 0-0: Ball
1-0: Called Strike
1-1: Foul Ball, location: 2F
1-2: Foul Ball, location: 2F
1-2: Strikes out looking
Bottom of the 6th over - 0 runs, 0 hits, 0 errors, 0 left on base; Lakeland 5 - Buffalo 17
TOP OF THE 7TH
Lakeland Rustlers batting - Pitching for Buffalo Jump : RHP Martín Basán
Batting: RHB John O'Neil 0-0: Ball
1-0: Foul Ball, location: 2F
1-1: Ball
2-1: Foul Ball, location: 2F
2-2: Foul Ball, location: 2F
2-2: Strikes out swinging
Batting: RHB Bob Watson 0-0: Swinging Strike
0-1: Ball
1-1: Called Strike
1-2: Ball
2-2: Ground out 6-3 (Groundball, 6, EV 85.0 MPH)
Batting: RHB Steve Givens 0-0: Ground out 3-1 (Groundball, 13, EV 93.8 MPH)
Top of the 7th over - 0 runs, 0 hits, 0 errors, 0 left on base; Lakeland 5 - Buffalo 17
BOTTOM OF THE 7TH
Buffalo Jump batting - Pitching for Lakeland Rustlers : LHP John Hubert
Pinch Hitting: RHB Gerald Dickinson 0-0: Swinging Strike
0-1: Ball
1-1: SINGLE (Groundball, 6MD, EV 104.4 MPH)
Pinch Hitting: RHB Mark Hathaway 0-0: Called Strike
0-1: Ball
1-1: Ball
2-1: Ball
3-1: Base on Balls
Gerald Dickinson to second
Batting: LHB Roberto Márquez 0-0: Called Strike
0-1: Ball
1-1: SINGLE (Line Drive, 4D, EV 98.8 MPH)
Gerald Dickinson to third
Mark Hathaway to second
Batting: RHB Syd O'Brien 0-0: Foul Ball, location: 2F
0-1: Foul Ball, location: 2F
0-2: Ball
1-2: Ball
2-2: SINGLE (Line Drive, 89S, EV 86.9 MPH)
Gerald Dickinson scores
Mark Hathaway to third
Roberto Márquez to second
Batting: RHB Jeff Reed 0-0: Called Strike
0-1: Ball
1-1: Swinging Strike
1-2: Strikes out swinging
Batting: LHB Ed Herrmann 0-0: Called Strike
0-1: Swinging Strike
0-2: Foul Ball, location: 2F
0-2: Ball
1-2: Ball
Wild Pitch!
Mark Hathaway scores
Roberto Márquez to third
Syd O'Brien to second
2-2: Ball
3-2: Foul Ball, location: 2F
3-2: Base on Balls
Pitching: RHP Lorenzo Rodríguez
Batting: RHB Mark Belanger 0-0: Called Strike
0-1: Foul Ball, location: 2F
0-2: Fly out, F8 (Flyball, 8LD, EV 91.9 MPH)
Runner from 3rd tags up, OUT at HOME! 8-2
Bottom of the 7th over - 2 runs, 3 hits, 0 errors, 2 left on base; Lakeland 5 - Buffalo 19
TOP OF THE 8TH
Lakeland Rustlers batting - Pitching for Buffalo Jump : RHP Martín Basán
Now at 1B: Gerald Dickinson
Now in LF: Roberto Márquez
Now in RF: Mark Hathaway
Batting: RHB John Bailey 0-0: Ground out 4-3 (Groundball, 4, EV 86.2 MPH)
Batting: RHB Hal Lanier 0-0: Ball
1-0: Called Strike
1-1: SINGLE (Groundball, 6, EV 95.0 MPH)
Batting: LHB Jon Wood 0-0: Called Strike
0-1: Ball
1-1: Ball
2-1: Fielders Choice at 2nd, 6-4 (Groundball, 6MD, EV 111.9 MPH)
Batting: RHB Millard Mullins 0-0: 2-RUN HOME RUN (Flyball, 78XD, EV 103.1 MPH), Distance : 415 ft
Batting: RHB Mal French 0-0: Ball
1-0: Swinging Strike
1-1: Fly out, F7 (Line Drive, 7, EV 103.1 MPH)
Top of the 8th over - 2 runs, 2 hits, 0 errors, 0 left on base; Lakeland 7 - Buffalo 19
BOTTOM OF THE 8TH
Buffalo Jump batting - Pitching for Lakeland Rustlers : RHP Lorenzo Rodríguez
Batting: LHB Willie Crawford 0-0: Called Strike
0-1: Ball
1-1: Called Strike
1-2: Strikes out swinging
Pinch Hitting: LHB Adrián Giméntez 0-0: SINGLE (Groundball, 4MD, EV 105.6 MPH)
Batting: RHB Gerald Dickinson 0-0: Ball
1-0: Fly out, F9 (Flyball, 9, EV 89.4 MPH)
Batting: RHB Mark Hathaway 0-0: Ball
1-0: Ball
2-0: Fielders Choice at 2nd, 6-4 (Groundball, 6, EV 85.6 MPH)
Bottom of the 8th over - 0 runs, 1 hit, 0 errors, 1 left on base; Lakeland 7 - Buffalo 19
TOP OF THE 9TH
Lakeland Rustlers batting - Pitching for Buffalo Jump : RHP Martín Basán
Now in CF: Adrián Giméntez
Batting: RHB Marcos Martínez 0-0: Ball
1-0: Ball
2-0: Called Strike
2-1: Ground out 5-3 (Groundball, 56, EV 101.2 MPH)
Batting: RHB John O'Neil 0-0: Called Strike
0-1: Foul Ball, location: 2F
0-2: Strikes out swinging
Batting: RHB Bob Watson 0-0: Called Strike
0-1: SINGLE (Groundball, 56D, EV 101.2 MPH)
Pitching: RHP Juan Gómez
Batting: RHB Steve Givens 0-0: Called Strike
0-1: Swinging Strike
0-2: Ball
1-2: Strikes out swinging passed ball, reaches first!
Bob Watson to second
Batting: RHB John Bailey 0-0: Ball
1-0: Called Strike
1-1: Called Strike
1-2: Foul Ball, location: 2F
1-2: Foul Ball, location: 2F
1-2: Foul Ball, location: 2F
1-2: Ball
2-2: Strikes out looking
Top of the 9th over - 0 runs, 1 hit, 0 errors, 2 left on base; Lakeland 7 - Buffalo 19
Tuesday, April 30th , 2024 - OOTP Baseball 24.8 Build 75